 Dungeon Crawl Stone Soup version 0.20-a0-876-g2c7b0bf (webtiles) character file.

39 M4edhros the Ruffian (level 3, -1/28 HPs)
             Began as a Minotaur Transmuter on Mar 15, 2017.
             Shot with a stone by a goblin (6 damage)
             ... on level 2 of the Dungeon.
             The game lasted 00:01:50 (346 turns).

M4edhros the Ruffian (Minotaur Transmuter)           Turns: 346, Time: 00:01:51

Health: -1/28      AC:  2    Str: 14    XL:     3   Next: 28%
Magic:  4/4        EV: 12    Int: 10    God:
Gold:   15         SH:  0    Dex: 11    Spells: 1/4 levels left

rFire    . . .     SeeInvis .   j - +1 dagger (elec)
rCold    . . .     Gourm    .   b - +0 robe
rNeg     . . .     Faith    .   (no shield)
rPois    .         Spirit   .   (helmet restricted)
rElec    .         Reflect  .   (no cloak)
rCorr    .         Harm     .   (no gloves)
MR       .....                  (no boots)
Stlth    +.........             (no amulet)
Regen    0.1/turn               (no ring)
MPRegen  0.1/turn               (no ring)

@: no status effects
A: retaliatory headbutt, horns 2
a: no special abilities


You were on level 2 of the Dungeon.
You were not hungry.

You visited 1 branch of the dungeon, and saw 3 of its levels.

You collected 15 gold pieces.

Inventory:

Hand Weapons
 j - a +1 dagger of electrocution (weapon)
Missiles
 a - 23 arrows
Armour
 b - a +0 robe (worn)
Scrolls
 f - a scroll of amnesia {unknown}
 g - a scroll of identify {unknown}
Potions
 e - a potion of heal wounds
 i - a potion of mutation {unknown}
 k - a potion of might {unknown}
Books
 c - a book of Changes

   Spells                             Type                      Level
   a - Beastly Appendage              Transmutation                1
   b - Sticks to Snakes               Transmutation                2
   c - Spider Form                    Transmutation/Poison         3
   d - Ice Form                       Ice/Transmutation            4
   e - Blade Hands                    Transmutation                5
Comestibles
 d - a bread ration
 h - a royal jelly


   Skills:
 - Level 1.2 Fighting
 - Level 2.1 Dodging
 + Level 4.0 Unarmed Combat
 - Level 1.3 Spellcasting
 + Level 2.5 Transmutations


You had one spell level left.
You knew the following spells:

 Your Spells              Type           Power        Failure   Level  Hunger
a - Beastly Appendage     Tmut           #.....       14%         1    ##.....
b - Sticks to Snakes      Tmut           #.......     21%         2    ###....


Dungeon Overview and Level Annotations

Branches:
Dungeon (3/15)

Altars:
Uskayaw

Annotations:
D:3 lupus83's ghost, amateur GrFi


Innate Abilities, Weirdness & Mutations

You reflexively headbutt those who attack you in melee.
You have a pair of horns on your head.


Message History

You feel sick.
You feel sick.
You feel sick.
You feel sick.
Your talons disappear.
You feel sick.
You feel sick.
You enter a teleport trap!
The teleport trap disappears.
Your surroundings suddenly seem different.
You feel sick.
You see here a stone.
You feel sick.
You feel sick.
You feel sick.
You are no longer poisoned.
Magic restored.
The goblin shouts!
The goblin wields a hunting sling.
The goblin shoots a stone.
The stone hits you.
You die...

...##.).#..####......#
#...#..†.............#
..#..........##.#....#
..#..........# ..####g
...........#.# .
..#.########## ..#.#
....#################...
................@.......
##################.#.#.g
._ .# .. .. .


You could see a goblin.

Vanquished Creatures
  An adder (D:2)
  An ooze (D:2)
  A dart slug (D:2)
  A leopard gecko (D:1)
  2 bats (D:2)
  A giant cockroach (D:1)
  5 goblins
  A hobgoblin (D:1)
  4 jackals (D:1)
  3 kobolds
  A rat (D:2)
21 creatures vanquished.

Notes
Turn   | Place    | Note
-------+----------+-------------------------------------------
     0 | D:1      | M4edhros the Minotaur Transmuter began the quest for the Orb.
     0 | D:1      | Reached XP level 1. HP: 16/16 MP: 1/1
   169 | D:1      | Reached XP level 2. HP: 17/23 MP: 0/3
   181 | D:1      | Learned a level 2 spell: Sticks to Snakes
   269 | D:3      | Noticed lupus83's ghost (amateur GrFi)
   299 | D:2      | Reached XP level 3. HP: 4/28 MP: 1/4
   306 | D:2      | Reached skill level 4 in Unarmed Combat
   346 | D:2      | Found a hide-covered altar of Uskayaw.
   346 | D:2      | Shot with a stone by a goblin

Vault maps used:
D:1:      dpeg_arrival_circle_labyrinth_c
D:2:      minmay_door_path, lemuel_crystal_altar,
          chequers_ecumenical_altar_simple_redux
D:3:      minitemple, lemuel_crystal_altar, kennysheep_generic_room_5,
          uniq_jessica, uniq_grinder

Skill      XL: |  1  2  3 |
---------------+----------+-----
Transmutations | 2 |  2.5
Unarmed Combat | 4 |  4.0
Fighting       | |  1.2
Dodging        | |  2.1
Spellcasting   | |  1.3

Action                   || total
-------------------------++-------
Melee: Unarmed           ||    27
       Headbutt          ||     7
       Kick              ||     7
       Dagger            ||    19
 Cast: Beastly Appendage ||     4
       Sticks to Snakes  ||     1
  Use: Potion            ||     1
Armor: Robe              ||    13
Dodge: Dodged            ||    25
